 Dungeon Crawl Stone Soup version 0.21.1-1-g345015fe64 (webtiles) character file.

228 Lavandula the Digger (level 6, 19/41 HPs)
             Began as a Barachi Earth Elementalist on July 19, 2018.
             Quit the game on level 3 of the Dungeon.
             The game lasted 00:05:50 (903 turns).

Lavandula the Digger (Barachi Earth Elementalist)    Turns: 903, Time: 00:05:50

Health: 19/41      AC:  3    Str: 10    XL:     6   Next: 2%
Magic:  1/10       EV: 12    Int: 17    God:
Gold:   111        SH:  0    Dex: 12    Spells: 3/11 levels left

rFire    . . .     SeeInvis .   i - +0 dagger
rCold    . . .     Gourm    .   (no shield)
rNeg     . . .     Faith    .   g - +0 leather armour (curse)
rPois    .         Spirit   .   (no helmet)
rElec    .         Reflect  .   (no cloak)
rCorr    .         Harm     .   (no gloves)
MR       +....                  (no boots)
Stlth    ++........             (no amulet)
HPRegen  0.13/turn              l - ring of protection from magic
MPRegen  0.12/turn              (no ring)

@: slow
A: +LOS, swims, slowness 1, strong legs 1
a: Hop


You were on level 3 of the Dungeon.
You were not hungry.

You visited 1 branch of the dungeon, and saw 4 of its levels.

You collected 111 gold pieces.

Inventory:

Hand Weapons
 i - a +0 dagger (weapon)
Armour
 c - a +0 robe
 g - a cursed +0 leather armour (worn)
 n - a +0 leather armour
Jewellery
 l - a ring of protection from magic (left hand)
Scrolls
 f - 2 scrolls of remove curse {unknown}
 h - a scroll of enchant weapon {unknown}
 j - 2 scrolls of teleportation {unknown}
 m - a scroll of magic mapping {unknown}
 o - a scroll of blinking {unknown}
Potions
 a - a potion of heal wounds {unknown}
 k - a potion of brilliance {unknown}
 p - a potion of haste {unknown}
Books
 e - a book of Geomancy

   Spells                             Type                      Level
   a - Sandblast                      Earth                        1
   b - Passwall                       Transmutation/Earth          2
   c - Stone Arrow                    Conjuration/Earth            3
   d - Petrify                        Transmutation/Earth          4
   e - Lee's Rapid Deconstruction     Earth                        5
Comestibles
 b - a chunk of flesh
 d - a ration


   Skills:
 - Level 2.1 Dodging
 - Level 1.7 Stealth
 + Level 3.2 Spellcasting
 - Level 1.1 Transmutations
 - Level 6.0 Earth Magic


You had 3 spell levels left.
You knew the following spells:

 Your Spells              Type           Power        Failure   Level  Hunger
a - Sandblast             Erth           ###...       1%          1    None
b - Stone Arrow           Conj/Erth      ##....       21%         3    ###....
c - Petrify               Tmut/Erth      ##......     47%         4    ####...


Dungeon Overview and Level Annotations

Branches:
Dungeon (4/15)
 Temple: D:4-7

Altars:

Annotations:
D:4 Dowan, Duvessa


Innate Abilities, Weirdness & Mutations

Shadows flee at your approach. (+LOS)
You can swim through water.
You cover ground slowly.
You can hop short distances.


Message History

The orc barely misses you.
You hit the orc but do no damage.
The orc is lightly wounded.
The orc closely misses you.
You hit the orc but do no damage.
The orc is lightly wounded.
The orc barely misses you.
You hit the orc but do no damage.
The orc is lightly wounded.
You barely miss the orc.
The orc is lightly wounded.
The orc closely misses you.
You hit the orc but do no damage.
The orc is lightly wounded.
The orc closely misses you.
You aren't carrying any items that you can evoke.
Unknown command.
Welcome back, Lavandula the Barachi Earth Elementalist.
Press ? for a list of commands and other information.
Are you sure you want to abandon this character and quit the game? (Confirm with "yes".)

#.........................
##..........#.#...#....###
##...#.....#.#..).....###
########....##.#..##....
###########.##.......##....
#...........##.####..#.....
#...>.......##.# ##........
#..........o#..##..........
#.........@>#.#...#..##....
#.........#.#..............
#.........#........##......
#.........##.......##......
#.........##.....####.#....
#..............#.###.......
#....................###.##
####.......#....##..####.##
#####.##.####.......#.......


You could see an orc.

Vanquished Creatures
  Sigmund (D:3)
  An orc wizard (D:3)
  2 adders (D:3)
  3 leopard geckos
  2 giant cockroaches
  A goblin (D:3)
  2 hobgoblins
  3 bats
  5 frilled lizards
  4 kobolds
  3 rats
27 creatures vanquished.

Notes
Turn   | Place    | Note
-------+----------+-------------------------------------------
     0 | D:1      | Lavandula the Barachi Earth Elementalist began the quest for the Orb.
     0 | D:1      | Reached XP level 1. HP: 13/13 MP: 3/3
    74 | D:1      | Reached XP level 2. HP: 13/19 MP: 1/5
   407 | D:4      | Noticed Duvessa
   407 | D:4      | Noticed Dowan
   423 | D:3      | Noticed Sigmund
   462 | D:3      | Reached XP level 3. HP: 10/24 MP: 0/6
   467 | D:3      | Learned a level 3 spell: Stone Arrow
   536 | D:3      | Reached skill level 4 in Earth Magic
   754 | D:3      | HP: 1/24 [something (4)]
   766 | D:3      | Killed Sigmund
   766 | D:3      | Reached skill level 6 in Earth Magic
   766 | D:3      | Reached XP level 4. HP: 25/30 MP: 2/7
   766 | D:3      | Reached XP level 5. HP: 29/35 MP: 2/8
   772 | D:3      | Learned a level 4 spell: Petrify
   888 | D:3      | Reached XP level 6. HP: 17/41 MP: 3/10
   903 | D:3      | Quit the game

Skill      XL: |  1  2  3  4  5 |
---------------+----------------+-----
Earth Magic    | 6 |  6.0
Spellcasting   | 3 |  3.2
Dodging        | |  2.1
Stealth        | |  1.7
Transmutations | |  1.1

Action                   |  1- 3 |  4- 6 || total
-------------------------+-------+-------++-------
Melee: Unarmed           |     9 |       ||     9
       Dagger            |    31 |    25 ||    56
 Cast: Sandblast         |    37 |       ||    37
       Stone Arrow       |       |     4 ||     4
 Abil: Hop               |     1 |       ||     1
  Use: Potion            |     2 |       ||     2
 Stab: Sleeping          |     1 |       ||     1
  Eat: Chunk             |       |     1 ||     1
Armor: Robe              |    16 |       ||    16
       Skin              |     5 |       ||     5
       Leather armour    |       |     3 ||     3
Dodge: Dodged            |    38 |    14 ||    52
